 Dungeon Crawl Stone Soup version 0.29-a0-914-g906f1d757c (webtiles) character file.

Game seed: 6550487066996941435

107 injinashi the Shooter (level 5, -12/31 HPs)
             Began as a Kobold Hunter on July 26, 2022.
             Was an Initiate of Sif Muna.
             Mangled by a gnoll
             ... wielding a +0 halberd
              (13 damage)
             ... on level 3 of the Dungeon.
             The game lasted 00:09:51 (2534 turns).

injinashi the Shooter (Kobold Hunter)               Turns: 2534, Time: 00:09:53

Health: -12/31     AC:  7    Str:  8    XL:     5   Next: 11%
Magic:  15/15      EV: 10    Int: 11    God:    Sif Muna [......]
Gold:   158        SH:  0    Dex: 20    Spells: 5/5 levels left

rFire   + . .      SeeInvis .   a - +1 shortbow
rCold   x . .      Faith    .   (shield currently unavailable)
rNeg    . . .      Spirit   .   d - +0 scale mail
rPois   .          Reflect  .   (no helmet)
rElec   .          Harm     .   f - +0 cloak
rCorr   .          Rampage  .   (no gloves)
Will    .....                   (no boots)
Stlth   ++........              l - amulet of magic regeneration
HPRegen 0.10/turn               i - ring of magical power
MPRegen 0.54/turn               j - ring of fire

@: flying
A: small, no large weapons, nightstalker 3
a: Renounce Religion


You were on level 3 of the Dungeon.
You worshipped Sif Muna.
Sif Muna was noncommittal.
You visited 1 branch of the dungeon, and saw 3 of its levels.

You collected 158 gold pieces.

Inventory:

Hand Weapons
 a - a +1 shortbow (weapon)
Armour
 d - a +0 scale mail (worn)
 f - a +0 cloak (worn)
Jewellery
 i - a ring of magical power (left hand)
 j - a ring of fire (right hand)
 l - an amulet of magic regeneration (around neck)
 m - a ring of willpower
Scrolls
 b - a scroll of immolation
 k - a scroll of teleportation
Potions
 c - a potion of flight
 e - a potion of brilliance


   Skills:
 + Level 2.6 Fighting
 * Level 7.4 Ranged Weapons
 + Level 0.3 Armour
 + Level 2.6 Dodging
 + Level 1.3 Stealth
 * Level 0.7 Spellcasting


You had 5 spell levels left.
You didn't know any spells.
Your spell library was empty.

Dungeon Overview and Level Annotations

Branches:
Dungeon (3/15)

Altars:
Sif Muna


Innate Abilities, Weirdness & Mutations

You are small and have problems with some larger weapons.
You are completely attuned to the shadows.


Message History

You shoot an arrow. The arrow hits the quokka.
The quokka is moderately wounded.
The quokka closely misses you. The gnoll barely misses you.
The quokka bites you but does no damage.
You shoot an arrow. The arrow hits the quokka.
You kill the quokka!
Sif Muna accepts your kill.
The gnoll throws a throwing net.
The throwing net hits you.
You become entangled in the net!
The orc barely misses you. The orc hits you with a +0 short sword.
The gnoll hits you but does no damage. The gnoll hits you with a +0 flail.
You cannot shoot with your shortbow while held in a net.
You cannot shoot with your shortbow while held in a net.
You are too injured to fight recklessly!
You feel better. The gnoll hits you but does no damage.
The orc hits you but does no damage. The gnoll hits you but does no damage.
The gnoll barely misses you.
You cannot shoot with your shortbow while held in a net.
You struggle against the net.
The gnoll hits you but does no damage. The gnoll hits you with a +0 flail.
The orc barely misses you. The gnoll completely misses you.
You struggle against the net.
A bat comes into view.
The gnoll hits you from afar with a +0 spear!
The orc hits you but does no damage. The gnoll hits you but does no damage.
The gnoll barely misses you.
A dart slug comes into view.
You rip the net and break free!
The orc hits you but does no damage.
The gnoll hits you from afar with a +0 spear.
* * * LOW HITPOINT WARNING * * *
The gnoll misses you. The gnoll hits you with a +0 flail.
* * * LOW HITPOINT WARNING * * *
You feel very buoyant.
You fly up into the air.
The gnoll closely misses you. The gnoll hits you with a +0 flail.
* * * LOW HITPOINT WARNING * * *
The orc hits you with a +0 short sword.
* * * LOW HITPOINT WARNING * * *
The gnoll hits you from afar with a +0 halberd!
You die... .... ...# #.#.#.#.# ........ #.#w#.## ..ogggg#

#.#g#g##
##g## #@#
...o.....
.###+####


You could see 6 gnolls, a dart slug and 2 orcs.

Vanquished Creatures
  An orc wizard (D:3)
  2 adders (D:2)
  A worm (D:2)
  A dart slug (D:1)
  2 orcs (D:3)
  5 ball pythons
  4 endoplasms
  A giant cockroach (D:2)
  6 goblins
  6 hobgoblins
  4 jackals (D:1)
  5 kobolds
  3 quokkas
  5 bats
  5 frilled lizards
  2 rats
53 creatures vanquished.

Notes
Turn   | Place    | Note
-------+----------+-------------------------------------------
     0 | D:1      | injinashi the Kobold Hunter began the quest for the Orb.
     0 | D:1      | Reached XP level 1. HP: 12/12 MP: 1/1
   106 | D:1      | Reached XP level 2. HP: 12/17 MP: 2/2
   109 | D:1      | Reached skill level 6 in Ranged Weapons
   376 | D:1      | Reached XP level 3. HP: 16/21 MP: 3/3
  1575 | D:2      | Found a shimmering blue altar of Sif Muna.
  1582 | D:2      | Became a worshipper of Sif Muna the Loreminder
  1761 | D:2      | Reached XP level 4. HP: 24/27 MP: 4/4
  2220 | D:2      | Reached skill level 7 in Ranged Weapons
  2527 | D:3      | Reached XP level 5. HP: 27/31 MP: 6/6
  2534 | D:3      | HP: 1/31 [orc/+0 short sword (3)]
  2534 | D:3      | Mangled by a gnoll

Illustrated notes

Levels and vault maps discovered:
D:1:      nagdon_arrival_double_spiral, layout_basic, st_stairs_9,
          kennysheep_boxes
D:2:      layout_loops_ring, basic_altar, minmay_misc_feat_pillars
D:3:      layout_basic, general_overflow_altar, lemuel_round_altar, st_stairs_8,
          feat_on_display

Skill      XL: |  1  2  3  4 |
---------------+-------------+-----
Ranged Weapons | 6 7 |  7.4
Fighting       | |  2.6
Armour         | |  0.3
Dodging        | |  2.6
Stealth        | |  1.3
Spellcasting   | |  0.7

Action                   |  1- 3 |  4- 6 || total
-------------------------+-------+-------++-------
 Fire: Shortbow          |    76 |    63 ||   139
  Use: Scroll            |     8 |     1 ||     9
       Potion            |       |     4 ||     4
Armor: Scale mail        |    25 |    38 ||    63
Dodge: Dodged            |    46 |    25 ||    71

Table legend: (Time is in decaauts)
 A = Elapsed time spent in this place.
 B = Non-inter-level travel time spent in this place.
 C = Inter-level travel time spent in this place.
 D = Time resting spent in this place.
 E = Time spent auto-exploring this place.
 F = Levels seen in this place.
 G = Mean time per level.
                   A        B        C        D        E       F      G
               +--------+--------+--------+--------+--------+-----+--------+
         Total |   2605 |   2537 |     68 |    702 |   1128 |   3 |  868.3 |
       Dungeon |   2605 |   2537 |     68 |    702 |   1128 |   3 |  868.3 |
               +--------+--------+--------+--------+--------+-----+--------+

Top non-repeatable levels by time:
     D:1: 1539 daAuts
     D:2: 1027 daAuts
     D:3: 38 daAuts
